 Dungeon Crawl Stone Soup version 0.31-a0-691-g409c26aa35 (webtiles) character file.

Game seed: 8939351637163762972

378 qw the Shooter (level 6, -5/38 HPs)
             Began as a Gargoyle Hunter on Sept 6, 2023.
             Slain by a gnoll
             ... wielding a +1 spear of venom
              (7 damage)
             ... on level 4 of the Dungeon.
             The game lasted 00:01:12 (1779 turns).

qw the Shooter (Gargoyle Hunter)                    Turns: 1779, Time: 00:01:13

Health: -5/38      AC: 10    Str: 14    XL:     6   Next: 74%
Magic:  6/6        EV: 10    Int: 10    God:
Gold:   64         SH:  0    Dex: 15    Spells: 5/5 levels left

rFire   . . .        Y - +0 shortbow
rCold   + . .        (shield currently unavailable)
rNeg    + . .        b - +0 ring mail of Good Intentions {rC+ Will+ SInv}
rPois   inf          (no helmet)
rElec   +            g - +0 cloak
rCorr   .            (no gloves)
SInv    +            (no boots)
Will    +....        (no amulet)
Stlth   +            (no ring)
HPRegen 0.26/turn    (no ring)
MPRegen 0.10/turn

%: no passive effects
@: about to teleport
A: sickness immunity, AC +4, negative energy resistance 1, electricity
resistance, torment resistance 1, petrification resistance
a: no special abilities


You were on level 4 of the Dungeon.
You visited 1 branch of the dungeon, and saw 4 of its levels.

You collected 64 gold pieces.


Innate Abilities, Weirdness & Mutations

You are immune to sickness and miasma.
Your stone body is resilient. (AC +4)
You are immune to poison.
You resist negative energy. (rN+)
You are resistant to electric shocks. (rElec)
You are resistant to unholy torment.
You are immune to petrification.


   Skills:
 + Level 3.9 Fighting
 - Level 7.0 Ranged Weapons
 - Level 1.1 Armour
 - Level 1.5 Dodging
 - Level 1.1 Stealth


You had 5 spell levels left.
You didn't know any spells.
Your spell library was empty.

Inventory:

Hand Weapons
 Y - a +0 shortbow (weapon)
Armour
 b - the +0 ring mail of Good Intentions (worn) {rC+ Will+ SInv}
   (You found it on level 2 of the Dungeon)

   rC+:       It protects you from cold.
   Will+:     It increases your willpower.
   SInv:      It lets you see invisible.
 d - a +3 leather armour
 g - a +0 cloak (worn)
Scrolls
 a - a scroll of teleportation
 c - a scroll of identify
Potions
 e - a potion of curing {unknown}
 f - a potion of mutation {unknown}
 h - a potion of haste {unknown}
 i - a potion of invisibility {unknown}

Dungeon Overview and Level Annotations

Branches:
Dungeon (4/15)             Temple (0/1) D:4

Altars:


Message History

You shoot an arrow. The arrow barely misses the gnoll.
The gnoll hits you from afar with a +1 spear of venom!
The gnoll closely misses you.
You shoot an arrow. The arrow barely misses the gnoll.
The gnoll hits you but does no damage. x2
You shoot an arrow. The arrow hits the gnoll.
The gnoll is heavily wounded.
The gnoll hits you but does no damage. The gnoll closely misses you.
The gnoll hits you with a +0 club. The gnoll hits you but does no damage.
You shoot an arrow. The arrow closely misses the gnoll.
The gnoll barely misses you. The gnoll completely misses you.
You shoot an arrow. The arrow closely misses the gnoll.
The gnoll completely misses you.
An orc comes into view. It is wielding a +0 hand axe.
The gnoll closely misses you.
You shoot an arrow. The orc shouts!
The arrow hits the gnoll.
The gnoll is almost dead.
The gnoll hits you from afar with a +1 spear of venom.
The gnoll hits you with a +0 club.
You shoot an arrow.
The arrow hits the gnoll but does no damage.
The gnoll is almost dead.
The gnoll barely misses you. x2
You shoot an arrow. The arrow barely misses the gnoll.
The gnoll hits you from afar with a +1 spear of venom.
The gnoll hits you with a +0 club. The orc hits you with a +0 mace.
The gnoll completely misses you.
The gnoll hits you from afar with a +1 spear of venom.
The orc hits you but does no damage.
1778 ||| READING 2 scrolls of teleportation.
As you read the scroll of teleportation, it crumbles to dust.
You feel strangely unstable. The gnoll hits you but does no damage.
The orc misses you. The gnoll hits you but does no damage.
You shoot an arrow. The arrow barely misses the gnoll.
The gnoll closely misses you. The orc hits you but does no damage.
The gnoll hits you from afar with a +1 spear of venom!
You die...

#..##.....###...... .
............###....
#.##...%........[###..
###.#..###.......###....
....... #.....###....#.
.#.#.#.###.).###........
....................###.
(....#o..##.#.####### #.
......g@....#.# ##
.>..o#.#)####.#
.....g...# #.#
.....#.### #.# .......
#.# .#.#.#. ..# .......
......#


You could see 2 gnolls and 2 orcs.

Vanquished Creatures
  Grinder (D:3)
  2 gnolls (D:4)
  8 adders
  2 dart slugs
  An orc (D:3)
  6 ball pythons
  13 endoplasms
  3 giant cockroaches
  10 goblins
  5 hobgoblins
  4 jackals (D:1)
  2 quokkas (D:2)
  11 bats
  8 frilled lizards
  9 kobolds
  4 rats
89 creatures vanquished.

Notes
Turn   | Place    | Note
-------+----------+-------------------------------------------
     0 | D:1      | qw the Gargoyle Hunter began the quest for the Orb.
     0 | D:1      | Reached XP level 1. HP: 12/12 MP: 1/1
     0 | D:1      | 0 ||| qw: Version: 0.3-a-76-g4403597
     0 | D:1      | 0 ||| qw: Game counter: 215
     0 | D:1      | 0 ||| qw: Melee chars always use a shield: true
     0 | D:1      | 0 ||| qw: God list: Okawaru
     0 | D:1      | 0 ||| qw: Allow faded altars: false
     0 | D:1      | 0 ||| qw: Do Orc after clearing Dungeon:15 true
     0 | D:1      | 0 ||| qw: Do second Lair branch before Depths: true
     0 | D:1      | 0 ||| qw: Lair rune preference: random
     0 | D:1      | 0 ||| qw: Goals: Normal
     0 | D:1      | 0 ||| PLANNING D:1-11
    89 | D:1      | Reached XP level 2. HP: 17/17 MP: 2/2
   389 | D:1      | Reached XP level 3. HP: 21/21 MP: 3/3
   393 | D:1      | 393 ||| READING scroll labelled MEICZY NOFANU HYRR.
   394 | D:1      | 394 ||| READING scroll labelled EROVYON FOZUE.
   397 | D:1      | Reached skill level 5 in Ranged Weapons
   565 | D:1      | 565 ||| DROPPING scroll of butterflies.
   579 | D:1      | 579 ||| READING scroll labelled KUIDIM RUAZI.
   630 | D:2      | Identified the +0 ring mail of Good Intentions {rC+ Will+
                  | SInv}
   723 | D:2      | Reached skill level 3 in Fighting
   837 | D:2      | Reached XP level 4. HP: 25/28 MP: 4/4
  1062 | D:2      | 1062 ||| UPGRADING to +0 ring mail of Good Intentions {rC+
                  | Will+ SInv}.
  1072 | D:2      | 1072 ||| DROPPING +0 leather armour.
  1073 | D:2      | 1073 ||| UPGRADING to +0 cloak.
  1078 | D:2      | 1078 ||| READING scroll labelled IDDAGG WEAM.
  1079 | D:2      | 1079 ||| READING scroll labelled ZASHRUO TOSTAWK.
  1118 | D:3      | Identified the +4 mace of the Nexus {heavy, rCorr Int+4
                  | Dex+3}
  1136 | D:3      | Reached skill level 1 in Armour
  1222 | D:3      | Noticed Grinder
  1224 | D:3      | Paralysed by Grinder for 4 turns
  1235 | D:3      | Paralysed by Grinder for 2 turns
  1241 | D:3      | Killed Grinder
  1242 | D:3      | Reached skill level 7 in Ranged Weapons
  1242 | D:3      | Reached XP level 5. HP: 29/32 MP: 5/5
  1242 | D:3      | Reached XP level 6. HP: 33/37 MP: 6/6
  1588 | D:3      | 1588 ||| READING 2 scrolls of identify.
  1588 | D:3      | 1588 ||| IDENTIFYING fuming grey potion
  1589 | D:3      | 1589 ||| DROPPING potion of brilliance.
  1756 | D:4      | Found a staircase to the Ecumenical Temple.
  1757 | D:4      | 1757 ||| PLANNING TEMPLE
  1777 | D:4      | HP: 8/38 [gnoll/+1 spear of venom (2)]
  1777 | D:4      | HP: 1/38 [gnoll/+1 spear of venom (3)]
  1778 | D:4      | 1778 ||| READING 2 scrolls of teleportation.
  1779 | D:4      | Slain by a gnoll

Levels and vault maps discovered:
D:1:      shiori_shiawase, layout_rooms, minmay_misc_feat_more_columns,
          hangedman_feature_mirror, nicolae_the_louvre
D:2:      layout_rooms
D:3:      layout_rooms, uniq_grinder
D:4:      layout_loops_ring, mainiacjoe_overflow_boulevard,
          nicolae_vehumet_altar_sigil, lemuel_crystal_altar,
          minmay_temple_entry_glass, dk_noncrumbling_3, minmay_unequal

Skill      XL: |  1  2  3  4 |
---------------+-------------+-----
Ranged Weapons | 5 7 |  7.0
Fighting       | 3 |  3.9
Armour         | 1 |  1.1
Dodging        | |  1.5
Stealth        | |  1.1

Action                     |  1- 3 |  4- 6 || total
---------------------------+-------+-------++-------
   Fire: Shortbow          |   168 |   161 ||   329
    Use: Scroll            |     3 |     4 ||     7
 Armour: Leather armour    |    67 |     6 ||    73
         Ring mail         |       |    66 ||    66
  Dodge: Dodged            |    70 |    50 ||   120

Table legend:
 A = Non-vault XP
 B = Vault XP
 C = Vault XP percentage of total XP
 D = Non-vault monster count
 E = Vault monster count
 F = Vault count percentage of total count
                 A         B        C        D         E       F
            +---------+---------+-------+---------+---------+-------
      Total |     234 |     307 |  56.7 |      81 |       8 |   9.0
            +---------+---------+-------+---------+---------+-------
        D:1 |      47 |       3 |   6.0 |      27 |       2 |   6.9
        D:2 |      50 |       0 |   0.0 |      22 |       0 |   0.0
        D:3 |     101 |     272 |  72.9 |      26 |       1 |   3.7
        D:4 |      36 |      32 |  47.1 |       6 |       5 |  45.5
            +---------+---------+-------+---------+---------+-------
